 Dungeon Crawl Stone Soup version 0.28.0-1-gb440e238dd (webtiles) character file.

Game seed: 5998656645083140593

61 freelancePsychic the Sneak (level 3, -3/21 HPs)
             Began as a Vampire Brigand on Feb 21, 2022.
             Killed from afar by an orc wizard (9 damage)
             ... with a magic dart
             ... on level 2 of the Dungeon.
             The game lasted 00:04:52 (3058 turns).

freelancePsychic the Sneak (Vampire Brigand)        Turns: 3058, Time: 00:04:53

Health: -3/21      AC: 10    Str: 12    XL:     3   Next: 83%
Magic:  3/3        EV:  8    Int: 13    God:
Gold:   78         SH:  0    Dex: 15    Spells: 2/2 levels left

rFire   + + .      SeeInvis +   a - +2 dagger
rCold   + . .      Faith    .   (no shield)
rNeg    + + +      Spirit   .   l - +0 fire dragon scales
rPois   ∞          Reflect  .   k - +0 helmet
rElec   .          Harm     .   c - +0 cloak
rCorr   .          Rampage  .   (no gloves)
Will    .....                   (no boots)
Stlth   ++........              (no amulet)
HPRegen 0.00/turn               (no ring)
MPRegen 0.08/turn               (no ring)

@: confused, bloodless, inhibited regen
A: bloodless, fangs 3, see invisible, vampiric 2
a: Bat Form, Revivify


You were on level 2 of the Dungeon.
You visited 1 branch of the dungeon, and saw 3 of its levels.

You collected 78 gold pieces.

Inventory:

Hand Weapons
 a - a +2 dagger (weapon)
Missiles
 d - 11 poisoned darts (quivered)
 e - 2 curare-tipped darts
Armour
 b - a +0 robe
 c - a +0 cloak (worn)
 k - a +0 helmet (worn)
 l - +0 fire dragon scales (worn)
Scrolls
 g - a scroll of enchant weapon {unknown}
 i - a scroll of immolation {unknown}
 m - 2 scrolls of fear {unknown}
 o - a scroll of enchant armour {unknown}
 p - a scroll of identify {unknown}
Potions
 f - a potion of curing {unknown}
 h - 2 potions of resistance {unknown}
 j - a potion of might {unknown}
 n - a potion of mutation {unknown}


   Skills:
 + Level 2.2 Fighting
 * Level 3.4 Short Blades
 - Level 1.5 Throwing
 - Level 1.1 Dodging
 * Level 6.9 Stealth


You had 2 spell levels left.
You didn't know any spells.
Your spell library contained the following spells:

 Spells                   Type           Power      Damage    Failure   Level
 Sandblast                Erth           0%         2d4       94%         1
 Blink                    Tloc           0%         N/A       98%         2
 Passwall                 Tmut/Erth      0%         N/A       98%         2
 Lesser Beckoning         Tloc           0%         N/A       100%        3
 Stone Arrow              Conj/Erth      0%         3d7       100%        3
 Manifold Assault         Tloc           0%         N/A       100%        5


Dungeon Overview and Level Annotations

Branches:
Dungeon (3/15)

Altars:
Qazlal

Annotations:
D:2 Natasha


Innate Abilities, Weirdness & Mutations

You do not regenerate when monsters are visible.
You are frail without blood (-20% HP).
You can heal yourself when you bite living creatures.
You are immune to poison.
You have razor-sharp teeth.
You have supernaturally acute eyesight. (SInv)
You are afflicted with vampirism and can become a bat while bloodless.


Message History

You are too injured to fight recklessly!
You are too injured to fight recklessly!
You are too injured to fight recklessly!
You see here a +0 hand axe.
There is a stone staircase leading up here.
The orc wizard hits you but does no damage.
You climb upwards.
Level annotation: Natasha
There is a stone staircase leading down here.
Throw: 13 darts (poison)
Press: ? - help, Q - select action, (/) - cycle Shift-Dir - straight line, f - orc wizard
Aim: an orc wizard, wielding a +0 dagger and wearing a +0 robe (lightly wounded, slightly transparent, 51% to hit)
You throw a poisoned dart. The poisoned dart hits the orc wizard.
The orc wizard is poisoned.
The orc wizard is lightly wounded.
The orc wizard hits you but does no damage.
Throw: 12 darts (poison)
Press: ? - help, Q - select action, (/) - cycle Shift-Dir - straight line, f/p - orc wizard
Aim: an orc wizard, wielding a +0 dagger and wearing a +0 robe (lightly wounded, slightly transparent, poisoned, 51% to hit)
You throw a poisoned dart. The poisoned dart hits the orc wizard.
The orc wizard looks even sicker.
The orc wizard is lightly wounded.
The orc wizard hits you but does no damage.
You hit the orc wizard. You bite the orc wizard.
You draw the orc wizard's blood!
You feel better.
The orc wizard is heavily wounded.
The orc wizard barely misses you.
You closely miss the orc wizard.
The orc wizard is heavily wounded.
The orc wizard gestures at you while chanting.
You are confused.
You bump into the rock wall.
The orc wizard points at you and mumbles some strange words.
The magic dart hits you!
* * * LOW HITPOINT WARNING * * *
You hit the orc wizard but do no damage.
The orc wizard is severely wounded.
The orc wizard gestures at you while chanting.
The magic dart hits you!
You die...

#.....#########
.......)......#
##.....######.# ##...##
#.# ##.## #.# #.#
####.#### #.# #...(...#
##'## #.##.##.#####
##...## #.##.##@....#
##.....###.....o.###.#
#.......##.##....# #.###
.........#.##....###...#
.........'.......[...#.#
.........#.##>.....###.#
#.......##.###.###.# #.#
##.....###.# #.###.###.#
##...## #.###.........#


You could see an orc wizard (invisible, very poisoned).

Vanquished Creatures
  3 worms
  A dart slug (D:1)
  3 orcs (D:3)
  8 ball pythons
  6 bats
  3 endoplasms
  3 giant cockroaches
  2 goblins
  3 hobgoblins
  3 kobolds
  4 quokkas (D:1)
  2 frilled lizards (D:1)
  A rat (D:1)
42 creatures vanquished.

Vanquished Creatures (others)
  A plant (D:1)
1 creature vanquished.

Grand Total: 43 creatures vanquished

Notes
Turn   | Place    | Note
-------+----------+-------------------------------------------
     0 | D:1      | freelancePsychic the Vampire Brigand began the quest for
                  | the Orb.
     0 | D:1      | Reached XP level 1. HP: 16/16 MP: 1/1
   122 | D:1      | Reached skill level 6 in Stealth
   217 | D:1      | Reached XP level 2. HP: 8/17 MP: 2/2
  1489 | D:2      | Gained mutation: You are afflicted with vampirism and can
                  | become a bat while bloodless. [Vampire growth]
  1489 | D:2      | Reached XP level 3. HP: 21/21 MP: 3/3
  1783 | D:2      | Noticed Natasha
  2501 | D:3      | Found a stormy altar of Qazlal.
  3058 | D:2      | Killed from afar by an orc wizard

Illustrated notes

Levels and vault maps discovered:
D:1:      matt_arrival_refuge, layout_basic, serial_bayou_pond_b
D:2:      layout_loops_corners, minmay_fountain_box,
          hangedman_abyss_or_decor_lesser_grid, kennysheep_generic_room_7,
          uniq_natasha
D:3:      layout_loops_ring, nicolae_overflow_crystal_walls,
          uniq_crazy_yiuf_cottage

Skill      XL: |  1  2 |
---------------+-------+-----
Stealth        | 6 |  6.9
Fighting       | 2 |  2.2
Short Blades   | 3 |  3.4
Throwing       | |  1.5
Dodging        | |  1.1

Action                   || total
-------------------------++-------
Melee: Dagger            ||   119
       Bite              ||    10
       Punch             ||     1
Throw: Dart              ||    27
 Abil: Exsanguinate      ||     1
 Stab: Sleeping          ||    14
Armor: Robe              ||     9
       Fire dragon scale ||    33
Dodge: Dodged            ||    47
